 Dungeon Crawl Stone Soup version 0.28.0-43-g3370ac3207 (webtiles) character file.

Game seed: 15394422694781567674

54 Kaptain the Digger (level 3, -2/20 HPs)
             Began as a Gargoyle Earth Elementalist on Mar 17, 2022.
             Slain by Terence
             ... wielding a +0 flail
              (6 damage)
             ... on level 2 of the Dungeon.
             The game lasted 00:04:55 (1653 turns).

Kaptain the Digger (Gargoyle Earth Elementalist)    Turns: 1653, Time: 00:04:56

Health: -2/20      AC:  7    Str: 11    XL:     3   Next: 91%
Magic:  2/6        EV: 11    Int: 17    God:
Gold:   95         SH:  0    Dex: 10    Spells: 3/7 levels left

rFire   . . .      SeeInvis .   g - +0 hand axe
rCold   . . .      Faith    .   (no shield)
rNeg    + . .      Spirit   .   f - +0 leather armour
rPois   ∞          Reflect  .   (no helmet)
rElec   +          Harm     .   (no cloak)
rCorr   +          Rampage  .   (no gloves)
Will    +....                   d - +0 pair of boots
Stlth   ++........              (no amulet)
HPRegen 0.06/turn               e - ring of willpower
MPRegen 0.10/turn               m - ring of resist corrosion

@: no status effects
A: sickness immunity, AC +3, negative energy resistance 1, electricity
resistance, torment resistance 1, petrification resistance
a: no special abilities


You were on level 2 of the Dungeon.
You visited 1 branch of the dungeon, and saw 2 of its levels.

You collected 95 gold pieces.

Inventory:

Hand Weapons
 a - a +0 hunting sling
 g - a +0 hand axe (weapon)
Missiles
 b - 12 sling bullets
 c - 20 stones (quivered)
Armour
 d - a +0 pair of boots (worn)
 f - a +0 leather armour (worn)
Magical Staves
 n - a staff of death
Jewellery
 e - a ring of willpower (left hand)
 m - a ring of resist corrosion (right hand)
Scrolls
 h - a scroll of teleportation {unknown}
 i - 3 scrolls of magic mapping {unknown}
 j - a scroll of blinking {unknown}
 k - a scroll of amnesia {unknown}
 l - 2 scrolls of identify {unknown}


   Skills:
 * Level 1.0 Fighting
 + Level 0.6 Armour
 + Level 1.8 Dodging
 + Level 2.6 Stealth
 * Level 2.5 Spellcasting
 * Level 1.5 Conjurations
 - Level 0.7 Transmutations
 * Level 3.8 Earth Magic


You had 3 spell levels left.
You knew the following spells:

 Your Spells              Type           Power      Damage    Failure   Level
a - Sandblast             Erth           30%        2d9       4%          1
b - Stone Arrow           Conj/Erth      22%        3d8       24%         3

Your spell library contained the following spells:

 Spells                   Type           Power      Damage    Failure   Level
 Passwall                 Tmut/Erth      7%         N/A       14%         2
 Petrify                  Tmut/Erth      9%         N/A       67%         4
 Lee's Rapid Deconstruct  Erth           7%         3d8*      80%         5
 Fulminant Prism          Conj/Hex       2%         3d6       87%         4
 Iskenderun's Mystic Bla  Conj/Tloc      4%         2d3       87%         4


Dungeon Overview and Level Annotations

Branches:
Dungeon (2/15)

Altars:

Annotations:
D:2 Terence


Innate Abilities, Weirdness & Mutations

You are immune to sickness and miasma.
Your stone body is resilient. (AC +3)
You are immune to poison.
You resist negative energy. (rN+)
You are resistant to electric shocks. (rElec)
You are resistant to unholy torment.
You are immune to petrification.


Message History

c - 21 stones Terence closely misses you.
Casting: Sandblast (safe; 4% risk of failure)
Confirm with . or Enter, or press ? or * to list all spells.
Aiming: Sandblast (safe; 4% risk of failure)
Press: ? - help, Shift-Dir - straight line, f/p - Terence
Aim: Terence, wielding a +0 flail and wearing a +0 chain mail (lightly wounded, 85% to hit)
The blast of sand hits Terence but does no damage.
Terence is lightly wounded.
c - 20 stones Terence closely misses you.
Unknown command.
Throw: 4 javelins
Press: ? - help, Q - select action, (/) - cycle Shift-Dir - straight line, f/p - Terence
Aim: Terence, wielding a +0 flail and wearing a +0 chain mail (lightly wounded, 62% to hit)
You throw a javelin. The javelin pierces through Terence.
Terence is lightly wounded.
Terence hits you with a +0 flail.
Throw: 3 javelins
Press: ? - help, Q - select action, (/) - cycle Shift-Dir - straight line, f/p - Terence
Aim: Terence, wielding a +0 flail and wearing a +0 chain mail (lightly wounded, 62% to hit)
You throw a javelin. The javelin closely misses Terence.
Terence misses you. x2
Unknown command.
Unknown command.
Throw: 2 javelins
Press: ? - help, Q - select action, (/) - cycle Shift-Dir - straight line, f/p - Terence
Aim: Terence, wielding a +0 flail and wearing a +0 chain mail (lightly wounded, 62% to hit)
You throw a javelin.
The javelin pierces through Terence but does no damage.
Terence is lightly wounded.
Terence hits you with a +0 flail!
Throw: javelin
Press: ? - help, Q - select action, (/) - cycle Shift-Dir - straight line, f/p - Terence
Aim: Terence, wielding a +0 flail and wearing a +0 chain mail (lightly wounded, 62% to hit)
You throw a javelin. The javelin closely misses Terence.
Terence hits you with a +0 flail.
* * * LOW HITPOINT WARNING * * *
Terence hits you with a +0 flail.
You die...

#...# #### #########
##...#....# #.......#
.....#....# .#..♣..##
#.........# ##(# ♣.♣..#
#......#### ##..# ♣.♣♣.##
#.....## #..♣ ♣..♣..# ......#
#.(♣♣ ♣♣.♣#.# #†.####
########@♣.♣ ♣.♣#.# #..#
#......@.♣.♣♣♣♣.♣#.##
#.########....####♣..♣♣.†♣#..#
..............# ♣♣♣.♣.♣###.#
##########....#### ♣...♣ ♣♣.#
#....#..♣♣♣♣.∩.♣♣♣.♣#
###.##.♣..♣♣...♣...♣
#....♣♣♣........♣♣ ##
#......♣♣.8_8..♣♣ .#
#.......♣♣♣♣♣♣♣♣


You could see Terence.

Vanquished Creatures
  An adder (D:2)
  2 dart slugs (D:1)
  A bat (D:1)
  3 endoplasms
  3 giant cockroaches (D:1)
  5 goblins
  3 hobgoblins
  7 jackals
  4 kobolds
  A quokka (D:1)
  3 ball pythons
  A rat (D:2)
34 creatures vanquished.

Notes
Turn   | Place    | Note
-------+----------+-------------------------------------------
     0 | D:1      | Kaptain the Gargoyle Earth Elementalist began the quest for
                  | the Orb.
     0 | D:1      | Reached XP level 1. HP: 10/10 MP: 3/3
   210 | D:1      | Reached XP level 2. HP: 16/16 MP: 1/5
   424 | D:1      | Found Wasofon's Magic Scroll Shoppe.
   547 | D:1      | Reached skill level 1 in Conjurations
   675 | D:1      | Reached XP level 3. HP: 19/20 MP: 1/6
   716 | D:1      | Learned a level 3 spell: Stone Arrow
   974 | D:2      | Reached skill level 1 in Fighting
  1398 | D:2      | Found a faded altar of an unknown god.
  1454 | D:2      | Noticed Terence
  1653 | D:2      | Slain by Terence

Illustrated notes

Levels and vault maps discovered:
D:1:      grunt_arrival_crossed_arrows, layout_basic, serial_shops, shop
D:2:      layout_rooms, shapermc_ecumenical_altar_totnotflames, st_stairs_11,
          minmay_misc_feat_enclosed, uniq_terence

Skill      XL: |  1  2  3 |
---------------+----------+-----
Conjurations   | 1 |  1.5
Fighting       | 1 |  1.0
Armour         | |  0.6
Dodging        | |  1.8
Stealth        | |  2.6
Spellcasting   | |  2.5
Transmutations | |  0.7
Earth Magic    | |  3.8

Action                   || total
-------------------------++-------
Melee: Hand axe          ||    45
 Fire: Hunting sling     ||     6
Throw: Javelin           ||     5
 Cast: Sandblast         ||    36
 Stab: Sleeping          ||     1
Armor: Leather armour    ||    35
Dodge: Dodged            ||    42
